SAA
LANCASTER FARMERS @ CASPER GHOSTS
05/05/2042
 
TOP OF THE 1ST
Lancaster Farmers batting - Pitching for Casper Ghosts : LHP Kenzaburo Hakui
Pitching: LHP Kenzaburo Hakui
Batting: RHB Raúl Bravo 0-0: Ball
1-0: Called Strike
1-1: Ball
2-1: Ball
3-1: Base on Balls
Batting: LHB Conrad Overdevest 0-0: Ball
1-0: Fly out, F2 (Popup, 25F, EV 78.1 MPH)
Batting: RHB Archie Pittman 0-0: Ball
1-0: Called Strike
Raúl Bravo steals 2nd base
1-1: Ball
2-1: Foul Ball, location: 2F
2-2: Fly out, F8 (Flyball, 8RM, EV 88.8 MPH)
Batting: RHB Barton Ryan 0-0: Foul Ball, location: 2F
0-1: Swinging Strike
0-2: Fly out, F7 (Flyball, 7LM, EV 77.5 MPH)
Top of the 1st over - 0 runs, 0 hits, 0 errors, 1 left on base; Lancaster 0 - Casper 0
BOTTOM OF THE 1ST
Casper Ghosts batting - Pitching for Lancaster Farmers : LHP Gijsbert van Veen
Pitching: LHP Gijsbert van Veen
Batting: RHB Thinley Tshering 0-0: Called Strike
0-1: Fly out, F9 (Flyball, 89M, EV 75.0 MPH)
Batting: RHB Joe Havermeyer 0-0: Foul Ball, location: 2F
0-1: Called Strike
0-2: Ball
1-2: Ground out 4-3 (Groundball, 4S, EV 76.2 MPH)
Batting: RHB Izaak Gerkis 0-0: SINGLE (Line Drive, 89M, EV 103.1 MPH)
Batting: RHB Ramiro Castillo 0-0: Swinging Strike
0-1: Ball
1-1: Fly out, F8 (Flyball, 89D, EV 77.5 MPH)
Bottom of the 1st over - 0 runs, 1 hit, 0 errors, 1 left on base; Lancaster 0 - Casper 0
TOP OF THE 2ND
Lancaster Farmers batting - Pitching for Casper Ghosts : LHP Kenzaburo Hakui
Batting: LHB Robert Shannon 0-0: Called Strike
0-1: Foul Ball, location: 2F
0-2: Fly out, F8 (Flyball, 8LM, EV 86.9 MPH)
Batting: RHB Gonzalo Perales 0-0: Ball
1-0: Ball
2-0: Ball
3-0: Foul Ball, location: 2F
3-1: Foul Ball, location: 2F
3-2: Strikes out swinging
Batting: RHB Thurman Williams 0-0: Ball
1-0: Swinging Strike
1-1: Swinging Strike
1-2: Strikes out swinging
Top of the 2nd over - 0 runs, 0 hits, 0 errors, 0 left on base; Lancaster 0 - Casper 0
BOTTOM OF THE 2ND
Casper Ghosts batting - Pitching for Lancaster Farmers : LHP Gijsbert van Veen
Batting: RHB Bill Wells 0-0: Fly out, F8 (Flyball, 8LM, EV 91.9 MPH)
Batting: RHB Bogdan Lissenberg 0-0: Ball
1-0: Called Strike
1-1: Foul Ball, location: 2F
1-2: Strikes out swinging
Batting: RHB Tony Wood 0-0: Ball
1-0: Called Strike
1-1: Ball
2-1: Ground out 1-3 (Groundball, P, EV 80.0 MPH)
Bottom of the 2nd over - 0 runs, 0 hits, 0 errors, 0 left on base; Lancaster 0 - Casper 0
TOP OF THE 3RD
Lancaster Farmers batting - Pitching for Casper Ghosts : LHP Kenzaburo Hakui
Batting: RHB António Andrés 0-0: Ball
1-0: Hit by Pitch
Batting: RHB Nick O'Quigley 0-0: Ball
1-0: Foul Ball, location: 2F
1-1: Foul Ball, location: 2F
1-2: Foul Ball, location: 2F
1-2: Foul Ball, location: 2F
1-2: Ball
2-2: Foul Ball, location: 2F
2-2: Strikes out swinging
Batting: RHB Raúl Bravo 0-0: Foul Ball, location: 2F
0-1: Ball
1-1: Called Strike
1-2: Foul Ball, location: 2F
1-2: Strikes out swinging
Batting: LHB Conrad Overdevest 0-0: 2-RUN HOME RUN (Flyball, 9LD, EV 96.9 MPH), Distance : 355 ft
Batting: RHB Archie Pittman 0-0: SINGLE (Line Drive, 56D, EV 103.1 MPH)
Batting: RHB Barton Ryan 0-0: Ball
1-0: Called Strike
1-1: Ball
2-1: Foul Ball, location: 2F
2-2: Ball
3-2: Strikes out swinging
Top of the 3rd over - 2 runs, 2 hits, 0 errors, 1 left on base; Lancaster 2 - Casper 0
BOTTOM OF THE 3RD
Casper Ghosts batting - Pitching for Lancaster Farmers : LHP Gijsbert van Veen
Batting: RHB Teok-kyu Pak 0-0: Ball
1-0: Foul Ball, location: 2F
1-1: Ball
2-1: Ball
3-1: Called Strike
3-2: Base on Balls
Batting: LHB General Booty 0-0: Ball
1-0: Ball
Teok-kyu Pak steals 2nd base
2-0: Fly out, F9 (Flyball, 9S, EV 91.9 MPH)
Batting: RHB Thinley Tshering 0-0: Fly out, F7 (Flyball, 7D, EV 91.9 MPH)
Batting: RHB Joe Havermeyer 0-0: Foul Ball, location: 2F
0-1: Ball
Wild Pitch!
Teok-kyu Pak to third
1-1: Ball
2-1: Swinging Strike
2-2: Ball
3-2: Base on Balls
Batting: RHB Izaak Gerkis 0-0: Ball
1-0: Fly out, F7 (Flyball, 7LM, EV 85.6 MPH)
Bottom of the 3rd over - 0 runs, 0 hits, 0 errors, 2 left on base; Lancaster 2 - Casper 0
TOP OF THE 4TH
Lancaster Farmers batting - Pitching for Casper Ghosts : LHP Kenzaburo Hakui
Batting: LHB Robert Shannon 0-0: Ball
1-0: Ball
2-0: Foul Ball, location: 2F
2-1: Ground out 4-3 (Groundball, 4, EV 84.4 MPH)
Batting: RHB Gonzalo Perales 0-0: Ball
1-0: Ball
2-0: Called Strike
2-1: Called Strike
2-2: Strikes out swinging, 2-3 out at first.
Batting: RHB Thurman Williams 0-0: Swinging Strike
0-1: Swinging Strike
0-2: Ball
1-2: Ball
2-2: Strikes out swinging
Top of the 4th over - 0 runs, 0 hits, 0 errors, 0 left on base; Lancaster 2 - Casper 0
BOTTOM OF THE 4TH
Casper Ghosts batting - Pitching for Lancaster Farmers : LHP Gijsbert van Veen
Batting: RHB Ramiro Castillo 0-0: Called Strike
0-1: Ball
1-1: Ball
2-1: Ball
3-1: Called Strike
3-2: Strikes out looking
Batting: RHB Bill Wells 0-0: Hit by Pitch
Batting: RHB Bogdan Lissenberg 0-0: Foul Ball, location: 2F
0-1: Foul Ball, location: 2F
0-2: Strikes out swinging
Batting: RHB Tony Wood 0-0: Ground out 4-3 (Groundball, 4S, EV 85.6 MPH)
Bottom of the 4th over - 0 runs, 0 hits, 0 errors, 1 left on base; Lancaster 2 - Casper 0
TOP OF THE 5TH
Lancaster Farmers batting - Pitching for Casper Ghosts : LHP Kenzaburo Hakui
Batting: RHB António Andrés 0-0: Called Strike
0-1: Ball
1-1: Foul Ball, location: 2F
1-2: Ball
2-2: Strikes out swinging
Batting: RHB Nick O'Quigley 0-0: Ball
1-0: Ground out 6-3 (Groundball, 56, EV 98.8 MPH)
Batting: RHB Raúl Bravo 0-0: Ball
1-0: Foul Ball, location: 2F
1-1: DOUBLE (Line Drive, 9LM, EV 92.5 MPH)
Batting: LHB Conrad Overdevest 0-0: Called Strike
0-1: Called Strike
0-2: Strikes out swinging
Top of the 5th over - 0 runs, 1 hit, 0 errors, 1 left on base; Lancaster 2 - Casper 0
BOTTOM OF THE 5TH
Casper Ghosts batting - Pitching for Lancaster Farmers : LHP Gijsbert van Veen
Batting: RHB Teok-kyu Pak 0-0: Fly out, F7 (Line Drive, 7, EV 96.2 MPH)
Batting: LHB General Booty 0-0: Foul Ball, location: 2F
0-1: Foul Ball, location: 2F
0-2: Ball
1-2: Strikes out looking
Batting: RHB Thinley Tshering 0-0: Ball
1-0: Ball
2-0: Ball
3-0: Called Strike
3-1: Ground out 4-3 (Groundball, 4M, EV 85.0 MPH)
Bottom of the 5th over - 0 runs, 0 hits, 0 errors, 0 left on base; Lancaster 2 - Casper 0
TOP OF THE 6TH
Lancaster Farmers batting - Pitching for Casper Ghosts : LHP Kenzaburo Hakui
Batting: RHB Archie Pittman 0-0: Swinging Strike
0-1: Foul Ball, location: 2F
0-2: Foul Ball, location: 2F
0-2: Ball
1-2: Ball
2-2: Foul Ball, location: 2F
2-2: Strikes out swinging
Batting: RHB Barton Ryan 0-0: Ball
1-0: Fly out, F9 (Flyball, 9LMF, EV 85.0 MPH)
Batting: LHB Robert Shannon 0-0: Fly out, F8 (Line Drive, 8RM, EV 89.4 MPH)
Top of the 6th over - 0 runs, 0 hits, 0 errors, 0 left on base; Lancaster 2 - Casper 0
BOTTOM OF THE 6TH
Casper Ghosts batting - Pitching for Lancaster Farmers : LHP Gijsbert van Veen
Batting: RHB Joe Havermeyer 0-0: Ball
1-0: Called Strike
1-1: Swinging Strike
1-2: SINGLE (Line Drive, 34, EV 98.8 MPH)
Batting: RHB Izaak Gerkis 0-0: Ball
Wild Pitch!
Joe Havermeyer to second
1-0: Ball
2-0: Ball
3-0: Called Strike
3-1: Called Strike
3-2: Foul Ball, location: 2F
3-2: Foul Ball, location: 2F
3-2: Foul Ball, location: 2F
3-2: Fly out, F8 (Flyball, 8RD, EV 91.2 MPH)
Batting: RHB Ramiro Castillo 0-0: Foul Ball, location: 2F
0-1: Swinging Strike
0-2: Foul Ball, location: 2F
0-2: Ball
1-2: Fly out, F2 (Popup, 23F, EV 92.5 MPH)
Batting: RHB Bill Wells 0-0: Foul Ball, location: 2F
0-1: Ground out 3-1 (Groundball, 34, EV 101.2 MPH)
Bottom of the 6th over - 0 runs, 1 hit, 0 errors, 1 left on base; Lancaster 2 - Casper 0
TOP OF THE 7TH
Lancaster Farmers batting - Pitching for Casper Ghosts : LHP Kenzaburo Hakui
Batting: RHB Gonzalo Perales 0-0: Ball
1-0: Fly out, F9 (Flyball, 9, EV 94.4 MPH)
Batting: RHB Thurman Williams 0-0: Reached on error, E6 (Groundball, 6, EV 84.4 MPH)
Batting: RHB António Andrés 0-0: Ball
1-0: SINGLE (Flyball, 9S, EV 86.2 MPH)
Thurman Williams to second
Runner from 2nd tries for 3rd, SAFE, no throw by RF
Batting: RHB Nick O'Quigley 0-0: Called Strike
0-1: Ball
1-1: Fly out, F9 (Flyball, 9D, EV 101.9 MPH)
Runner from 3rd tags up, SCORES, no throw by RF
Batting: RHB Raúl Bravo 0-0: Called Strike
0-1: Foul Ball, location: 2F
0-2: Ball
1-2: 2-RUN HOME RUN (Flyball, 89XD, EV 101.2 MPH), Distance : 399 ft
Pitching: LHP Zedekiah Brenneman
Batting: LHB Conrad Overdevest 0-0: Ball
1-0: DOUBLE (Line Drive, 8RXD, EV 103.1 MPH)
Batting: RHB Archie Pittman 0-0: Ball
1-0: Called Strike
1-1: Ball
Wild Pitch!
Conrad Overdevest to third
2-1: Foul Ball, location: 2F
2-2: Strikes out swinging, 2-3 out at first.
Top of the 7th over - 3 runs, 3 hits, 1 error, 1 left on base; Lancaster 5 - Casper 0
BOTTOM OF THE 7TH
Casper Ghosts batting - Pitching for Lancaster Farmers : LHP Gijsbert van Veen
Batting: RHB Bogdan Lissenberg 0-0: Ball
1-0: Fly out, F3 (Popup, 3SF, EV 80.0 MPH)
Batting: RHB Tony Wood 0-0: Ball
1-0: Foul Ball, location: 2F
1-1: Ball
2-1: SINGLE (Groundball, 34D, EV 106.9 MPH)
Batting: RHB Teok-kyu Pak 0-0: Called Strike
0-1: Fly out, F3 (Popup, 3, EV 61.2 MPH)
Batting: LHB General Booty 0-0: Ball
1-0: Fly out, F8 (Flyball, 8LM, EV 89.4 MPH)
Bottom of the 7th over - 0 runs, 1 hit, 0 errors, 1 left on base; Lancaster 5 - Casper 0
TOP OF THE 8TH
Lancaster Farmers batting - Pitching for Casper Ghosts : LHP Zedekiah Brenneman
Batting: RHB Barton Ryan 0-0: Ball
1-0: Called Strike
1-1: Ground out 1-3 (Groundball, 13, EV 85.6 MPH)
Batting: LHB Robert Shannon 0-0: Called Strike
0-1: Called Strike
0-2: Foul Ball, location: 2F
0-2: SINGLE (Flyball, 9S, EV 88.8 MPH)
Batting: RHB Gonzalo Perales 0-0: Foul Ball, location: 2F
0-1: Called Strike
0-2: Ball
1-2: Ball
2-2: SINGLE (Line Drive, 7S, EV 96.9 MPH)
Robert Shannon to second
Batting: RHB Thurman Williams 0-0: Ball
1-0: DOUBLE (Line Drive, 7LS, EV 103.8 MPH)
Robert Shannon scores
Gonzalo Perales to third
Runner from 3rd tries for Home, SAFE, no throw by LF
Batting: RHB António Andrés 0-0: Called Strike
0-1: Ball
1-1: Ball
2-1: Called Strike
2-2: SINGLE (Groundball, 56D, EV 102.5 MPH)
Thurman Williams to third
Batting: RHB Nick O'Quigley 0-0: Called Strike
0-1: Foul Ball, location: 2F
0-2: Strikes out swinging
Batting: RHB Raúl Bravo 0-0: Foul Ball, location: 2F
0-1: Fielders Choice at 2nd, U4 (Groundball, 4M, EV 103.8 MPH)
Top of the 8th over - 2 runs, 4 hits, 0 errors, 2 left on base; Lancaster 7 - Casper 0
BOTTOM OF THE 8TH
Casper Ghosts batting - Pitching for Lancaster Farmers : LHP Gijsbert van Veen
Batting: RHB Thinley Tshering 0-0: Fly out, F7 (Flyball, 7LM, EV 89.4 MPH)
Batting: RHB Joe Havermeyer 0-0: Foul Ball, location: 2F
0-1: Reached on error, E6 (Groundball, 6, EV 104.4 MPH)
Pinch Hitting: RHB Hjalmar Bisseling 0-0: Ball
1-0: Ball
Wild Pitch!
Joe Havermeyer to second
2-0: Called Strike
2-1: Swinging Strike
2-2: Foul Ball, location: 2F
2-2: Strikes out swinging
Batting: RHB Ramiro Castillo 0-0: Swinging Strike
0-1: Ball
1-1: Ball
2-1: Ball
3-1: Foul Ball, location: 2F
3-2: Foul Ball, location: 2F
3-2: Strikes out looking
Bottom of the 8th over - 0 runs, 0 hits, 1 error, 1 left on base; Lancaster 7 - Casper 0
TOP OF THE 9TH
Lancaster Farmers batting - Pitching for Casper Ghosts : LHP Zedekiah Brenneman
Now at 1B: Hjalmar Bisseling
Batting: LHB Conrad Overdevest 0-0: SINGLE (Line Drive, 89S, EV 86.9 MPH)
Batting: RHB Archie Pittman 0-0: Called Strike
0-1: Ball
1-1: Ball
2-1: Foul Ball, location: 2F
2-2: Ball
3-2: Base on Balls
Conrad Overdevest to second
Batting: RHB Barton Ryan 0-0: Ball
1-0: Fielders Choice at 2nd, 6-4 (Groundball, 6, EV 107.5 MPH)
Conrad Overdevest to third
Pinch Hitting: RHB Jorge Núñez 0-0: Ball
1-0: Fly out, F7 (Line Drive, 7, EV 95.6 MPH)
Runner from 3rd tags up, OUT at HOME! 7-2
Top of the 9th over - 0 runs, 1 hit, 0 errors, 1 left on base; Lancaster 7 - Casper 0
BOTTOM OF THE 9TH
Casper Ghosts batting - Pitching for Lancaster Farmers : LHP Gijsbert van Veen
Now at 1B: Jorge Núñez
Batting: RHB Bill Wells 0-0: Ball
1-0: Called Strike
1-1: Ball
2-1: Ball
3-1: Base on Balls
Batting: RHB Bogdan Lissenberg 0-0: Foul Ball, location: 2F
0-1: Ball
1-1: Ball
2-1: Ball
3-1: Grounds into double play, 5-4-3 (Groundball, 56, EV 99.4 MPH)
Pitching: RHP Yuto Inugami
Batting: RHB Tony Wood 0-0: Called Strike
0-1: Ball
1-1: Fly out, F8 (Flyball, 8LM, EV 79.4 MPH)
Bottom of the 9th over - 0 runs, 0 hits, 0 errors, 0 left on base; Lancaster 7 - Casper 0
Friday, March 26th, 2021 - OOTP Baseball 20.8 Build 74